 Dungeon Crawl Stone Soup version 0.23.0-33-g5e6c059 (webtiles) character file.

Game seed: 0

3926 Fang the Fighter (level 10, -4/106 HPs)
             Began as a Gargoyle Berserker on Feb 26, 2019.
             Was a High Priest of Trog.
             Slain by a two-headed ogre
             ... wielding a cursed -1 giant spiked club
              (19 damage)
             ... on level 8 of the Dungeon.
             The game lasted 00:10:33 (6662 turns).

Fang the Fighter (Gargoyle Berserker)               Turns: 6662, Time: 00:10:33

Health: -4/106     AC: 21    Str: 29    XL:     10   Next: 20%
Magic:  10/10      EV: 11    Int:  8    God:    Trog [*****.]
Gold:   543        SH:  0    Dex: 11    Spells: 9/9 levels left

rFire    . . .     SeeInvis .   x - +2 war axe
rCold    + . .     Gourm    .   (no shield)
rNeg     + . .     Faith    .   w - +0 chain mail
rPois    ∞         Spirit   .   i - +2 helmet
rElec    +         Reflect  .   (no cloak)
rCorr    .         Harm     .   (no gloves)
MR       +....     Clarity  +   (no boots)
Stlth    ..........             H - amulet of magic regeneration
HPRegen  0.27/turn              a - ring of stealth
MPRegen  0.37/turn              e - ring of protection from cold

@: berserking (expiring), very quick
A: agile 1, clarity, magic resistance 1, negative energy resistance 1, robust 1,
electricity resistance, unbreathing, petrification resistance, rot immunity, AC
+7
a: Berserk, Trog's Hand, Brothers in Arms, Renounce Religion


You were on level 8 of the Dungeon.
You worshipped Trog.
Trog was extremely pleased with you.
You were very hungry.

You visited 1 branch of the dungeon, and saw 8 of its levels.
You also visited: Sewer.

You collected 543 gold pieces.

Inventory:

Hand Weapons
 x - a +2 war axe (weapon)
Armour
 i - a +2 helmet (worn)
 w - a +0 chain mail (worn)
Jewellery
 a - a ring of stealth (left hand)
 e - a ring of protection from cold (right hand)
 H - an amulet of magic regeneration (around neck)
Wands
 t - a wand of flame (10)
 G - a wand of iceblast (7)
 J - a wand of acid (15)
Scrolls
 b - a scroll of fog
 l - 3 scrolls of teleportation
 p - 3 scrolls of remove curse
 v - 2 scrolls of enchant armour
 D - 2 scrolls of fear
 F - a scroll of magic mapping
Potions
 d - 3 potions of degeneration {unknown}
 f - 2 potions of mutation
 g - 2 potions of curing {unknown}
 h - 6 potions of flight
 j - a potion of berserk rage {unknown}
 k - 2 potions of heal wounds {unknown}
 m - 2 potions of brilliance
 n - a potion of magic
 o - a potion of invisibility {unknown}
 q - a potion of haste
 r - 2 potions of might {unknown}
 s - a potion of resistance {unknown}
 u - 3 potions of lignification {unknown}
 C - a potion of agility {unknown}
 K - a potion of cancellation {unknown}
Comestibles
 c - 10 rations
 B - 4 chunks of flesh


   Skills:
 + Level 8.6 Fighting
 + Level 7.2 Axes
 + Level 8.2 Armour
 + Level 6.2 Dodging


You had 9 spell levels left.
You didn't know any spells.
Your spell library was empty.

Dungeon Overview and Level Annotations

Branches:
Dungeon (8/15)             Temple (0/1) D:6
   Lair: D:8-11

Altars:
Okawaru
Sif Muna
Zin

Shops:
D:5 :   D:7 (


Innate Abilities, Weirdness & Mutations

You are resistant to torment.
Your stone body is resilient. (AC +7)
You are immune to poison.
You resist negative energy. (rN+)
You are resistant to electric shocks. (rElec)
You can survive without breathing.
You are immune to petrification.
You are immune to rotting.
You are agile. (Dex +2)
You possess an exceptional clarity of mind.
You are resistant to hostile enchantments. (MR+)
You are robust. (+10% HP)


Message History

The two-headed ogre hits you with a +0 giant club!
* * * LOW HITPOINT WARNING * * *
You are too injured to fight recklessly!
You are too injured to fight recklessly!
A two-headed ogre is nearby!
A red film seems to cover your vision as you go berserk!
You feel yourself moving faster!
You feel mighty!
You are feeling very hungry.
The two-headed ogre closely misses you.
The two-headed ogre hits you but does no damage.
You closely miss the two-headed ogre.
The two-headed ogre is lightly wounded.
You hit the two-headed ogre.
The two-headed ogre is lightly wounded.
The two-headed ogre closely misses you.
The two-headed ogre hits you but does no damage.
You hit the two-headed ogre.
The two-headed ogre is moderately wounded.
The two-headed ogre hits you with a cursed -1 giant spiked club!!
You die...

..........#.. #.....
#######....#.. .....
#.########.#.> # ....
#..........### ##.
... ##.######...(.
.... .. #.# #(((((#.
.....#.## #.#
##(###... ......O.#
#.# #..#####.
#@####.###<###....
.#..............###
..........(..#.######
# .....######....##
## ....?
##...÷..######. ....
##...###......#. ...#
##..#.######..... ###
#........[...##..
#####.#######..(.


You could see a two-headed ogre.

Vanquished Creatures
  A hippogriff (D:7)
  Eustachio (D:5)
  A hungry ghost (D:7)
  Menkaure (D:5)
  An ice beast (D:8)
  A hornet zombie (D:8)
  A necrophage (D:5)
  A phantom (D:4)
  4 sky beasts
  5 ogres
  4 centaurs
  2 big kobolds (Sewer)
  5 bullfrogs
  2 scorpions (D:6)
  2 crimson imps
  A bullfrog zombie (D:6)
  A jelly (D:8)
  3 orc wizards
  5 orc priests
  A centaur skeleton (D:7)
  4 hounds
  3 bullfrog skeletons
  Ijyb (D:3)
  3 iguanas
  8 worker ants
  A killer bee zombie (D:6)
  A hound zombie (D:7)
  5 gnolls
  16 adders
  6 river rats
  2 shadow imps (D:6)
  5 oozes
  An adder skeleton (D:4)
  An adder zombie (D:5)
  4 worms
  5 leopard geckos
  19 orcs
  4 ball pythons
  8 bats
  4 giant cockroaches
  6 goblins
  9 hobgoblins
  9 jackals
  3 quokkas
  2 frilled lizards
  10 kobolds
  A leopard gecko zombie (D:7)
  3 quokka skeletons
  A quokka zombie (D:6)
  11 rats
199 creatures vanquished.

Notes
Turn   | Place    | Note
-------+----------+-------------------------------------------
     0 | D:1      | Fang the Gargoyle Berserker began the quest for the Orb.
     0 | D:1      | Reached XP level 1. HP: 14/14 MP: 1/1
   166 | D:1      | Reached XP level 2. HP: 19/19 MP: 2/2
   974 | D:2      | Reached XP level 3. HP: 21/23 MP: 3/3
  1656 | D:3      | Reached XP level 4. HP: 29/29 MP: 4/4
  1853 | D:3      | Reached ** piety under Trog
  2047 | D:3      | Reached XP level 5. HP: 19/33 MP: 5/5
  2361 | D:3      | Noticed Ijyb
  2373 | D:3      | Killed Ijyb
  2950 | D:4      | Reached XP level 6. HP: 35/39 MP: 6/6
  3308 | D:4      | Reached skill level 5 in Fighting
  3308 | D:4      | Reached XP level 7. HP: 29/44 MP: 7/7
  3842 | D:5      | Entered Level 5 of the Dungeon
  3856 | D:5      | Reached skill level 5 in Armour
  3957 | D:5      | Reached XP level 8. HP: 19/51 MP: 8/8
  4052 | D:5      | Found a glowing drain.
  4054 | D:5      | Reached *** piety under Trog
  4094 | Sewer    | Entered a sewer
  4388 | Sewer    | Reached skill level 5 in Axes
  4577 | D:5      | Noticed Menkaure
  4583 | D:5      | Noticed Eustachio
  4584 | D:5      | Killed Menkaure
  4608 | D:5      | Killed Eustachio
  4674 | D:5      | Found Wual Oto's Book Shoppe.
  4691 | D:5      | Found an iron altar of Okawaru.
  4928 | D:6      | Reached XP level 9. HP: 54/56 MP: 9/9
  4949 | D:6      | Reached **** piety under Trog
  4952 | D:6      | Found a staircase to the Ecumenical Temple.
  5067 | D:6      | Reached skill level 5 in Dodging
  5590 | D:7      | Found a deep blue altar of Sif Muna.
  5618 | D:7      | Paralysed by fainting for 12 turns
  5960 | D:7      | Found Mozeaj's Weapon Shoppe.
  6083 | D:7      | Reached ***** piety under Trog
  6140 | D:7      | Reached XP level 10. HP: 64/64 MP: 10/10
  6209 | D:8      | Gained mutation: You are resistant to hostile enchantments.
                  | (MR+) [potion of mutation]
  6209 | D:8      | Gained mutation: You possess an exceptional clarity of
                  | mind. [potion of mutation]
  6209 | D:8      | Gained mutation: You are agile. (Dex +2) [potion of
                  | mutation]
  6209 | D:8      | Gained mutation: You are robust. (+10% HP) [potion of
                  | mutation]
  6545 | D:8      | Found a glowing silver altar of Zin.
  6647 | D:8      | Noticed a two-headed ogre
  6662 | D:8      | Slain by a two-headed ogre

Skill      XL: |  1  2  3  4  5  6  7  8  9 10 |
---------------+-------------------------------+-----
Axes           | 3 4 5 6 7 |  7.2
Dodging        | 2 3 4 5 6 |  6.2
Armour         | 3 4 5 6 7 8 |  8.2
Fighting       | 4 5 6 8 |  8.6

Action                   |  1- 3 |  4- 6 |  7- 9 | 10-12 || total
-------------------------+-------+-------+-------+-------++-------
Melee: Hand axe          |   101 |   152 |     6 |       ||   259
       War axe           |       |       |   570 |    78 ||   648
Invok: Berserk           |       |     3 |     2 |     1 ||     6
  Use: Scroll            |       |       |    15 |     2 ||    17
       Potion            |       |       |       |     1 ||     1
  Eat: Chunk             |     2 |     9 |    11 |     2 ||    24
       Ration            |       |       |     2 |       ||     2
Armor: Animal skin       |    40 |    46 |       |       ||    86
       Chain mail        |       |    45 |   444 |    58 ||   547
Dodge: Dodged            |    64 |   116 |   286 |    55 ||   521
